 Dungeon Crawl Stone Soup version bcrawl-1.27.3 (webtiles) character file.

Game seed: 10897042567414894774

117054 dodo the Digger (level 3, -6/22 HPs)
             Began as a Fairy Earth Elementalist on Sept 9, 2020.
             Mangled by a worm (10 damage)
             ... on level 2 of the Dungeon.
             The game lasted 00:03:10 (1257 turns).

dodo the Digger (Fairy Earth Elementalist)          Turns: 1257, Time: 00:03:11

Health: -6/22      AC:  4    Str:  6    XL:     3   Next: 58%
Magic:  9/9        EV: 17    Int: 18    God:
Gold:   51         SH:  4    Dex: 13    Spells: 7/8 levels left

rFire    . . .     SeeInvis .   c - +1 dagger (vamp)
rCold    . . .     Gourm    .   (shield restricted)
rNeg     . . .     Faith    .   (armour unavailable)
rPois    .         Spirit   .   (no helmet)
rElec    .         Reflect  .   (no cloak)
rCorr    .         Harm     .   (no gloves)
MR       .....                  (no boots)
Stlth    +.........             (no amulet)
HPRegen  0.07/turn              (no ring)
MPRegen  0.11/turn              (no ring)

@: flying evasively
A: small, magic attunement, unstealthy, unfitting armour, able to fly, AC/SH +4
a: Stop Flying


You were on level 2 of the Dungeon.
You were near starving.

You visited 1 branch of the dungeon, and saw 2 of its levels.

You collected 51 gold pieces.

Inventory:

Hand Weapons
 c - a +1 vampiric dagger (weapon)
Missiles
 b - 572 stones (quivered)
 l - a throwing net {=f}
Scrolls
 d - a scroll of blinking {unknown}
 f - a scroll of enchant weapon {unknown}
 g - a scroll of fog {unknown}
 h - a scroll of magic mapping {unknown}
 i - a scroll of identify
Potions
 a - 2 potions of berserk rage {unknown}
 j - a potion of ambrosia {unknown}
 k - a potion of mutation {unknown}
Comestibles
 e - 5 rations {!d}


   Skills:
 + Level 0.3 Fighting
 + Level 1.1 Short Blades
 + Level 3.6 Dodging
 + Level 1.7 Stealth
 + Level 3.0 Spellcasting
   Level 1.0 Transmutations
 + Level 4.1 Earth Magic


You had 7 spell levels left.
You knew the following spells:

 Your Spells              Type           Power        Failure   Level  Hunger
a - Sandblast             Erth           ###...       3%          1    None

Your spell library contained the following spells:

 Spells                   Type           Power        Failure   Level  Hunger
 Passwall                 Tmut/Erth      ##......     9%          2    None
 Stone Arrow              Conj/Erth      ##....       21%         3    None
 Petrify                  Tmut/Erth      ##........   50%         4    None
 Lee's Rapid Deconstruct  Erth           ###.......   63%         5    None


Dungeon Overview and Level Annotations

Branches:
Dungeon (2/12)

Altars:


Innate Abilities, Weirdness & Mutations

Your spells do not cause hunger and MP costs are reduced by 1.
Your bright wings attract enemies. (Stealth-)
You cannot fit into any form of body armour.
Your shimmering scales are hard and can block incoming attacks. (AC +4, SH +4)
You are small and have problems with some larger weapons.
You can fly continuously.


Message History

The worm is moderately wounded.
You hit the worm.
The worm is moderately wounded.
The worm barely misses you.
You hit the worm.
The worm is heavily wounded.
The worm bites you.
* * * LOW HITPOINT WARNING * * *
You are near starving!
You completely miss the worm.
The worm is heavily wounded.
You hit the worm.
The worm is heavily wounded.
The worm closely misses you.
You hit the worm.
The worm is heavily wounded.
You completely miss the worm.
The worm is heavily wounded.
The worm bites you!
You die...

######## .......
##......## .....).
##........## .=.....
#>.........# ....?..
#..........# )##..
.....$.####..........#
.#...
...............).....#
....#
........##%.>........#
....
......w@.)...!......##
..#
...?..####..........##
.# .....
#............# .# ##
.#.. ###.###......#
... ## #+# ##.....#
#..# ##.....# ...#
####......# ##.#.#
#........## ##...#
##......##


You could see a worm.

Vanquished Creatures
  2 oozes
  A worm (D:1)
  A leopard gecko (D:2)
  3 ball pythons (D:1)
  2 giant cockroaches (D:1)
  A goblin (D:1)
  4 hobgoblins
  6 bats
  2 frilled lizards
  7 kobolds
  4 rats (D:1)
33 creatures vanquished.

Notes
Turn   | Place    | Note
-------+----------+-------------------------------------------
     0 | D:1      | dodo the Fairy Earth Elementalist began the quest for the
                  | Orb.
     0 | D:1      | Reached XP level 1. HP: 11/11 MP: 6/6
   363 | D:1      | Reached XP level 2. HP: 8/17 MP: 7/7
   517 | D:1      | Reached skill level 4 in Earth Magic
   664 | D:1      | Reached XP level 3. HP: 17/21 MP: 7/9
   915 | D:2      | Reached skill level 1 in Short Blades
  1257 | D:2      | Mangled by a worm

Skill      XL: |  1  2  3 |
---------------+----------+-----
Dodging        | 3 |  3.6
Earth Magic    | 4 |  4.1
Spellcasting   | 3 |  3.0
Short Blades   | 1 |  1.1
Fighting       | |  0.3
Stealth        | |  1.7
Transmutations | |  1.0

Action                   || total
-------------------------++-------
Melee: Dagger            ||   256
 Cast: Sandblast         ||     7
  Eat: Ration            ||     1
       Chunk             ||     6
Armor: Skin              ||    38
Dodge: Dodged            ||   203
Block: Other             ||    36
